 Dungeon Crawl Stone Soup version 0.15-a0-2198-g7f377d1 (webtiles) character file.

135610 Ololoev the Bewitcher (level 16, -18/88 HPs)
             Began as a Spriggan Enchanter on July 23, 2014.
             Was the Champion of Dithmenos.
             Shot with an arrow by Vashnia (32 damage)
             ... on Level 5 of the Snake Pit.
             The game lasted 03:22:32 (37561 turns).

Ololoev the Bewitcher (Spriggan Enchanter)         Turns: 37561, Time: 03:22:33

HP -18/88        AC  7     Str  6      XL: 16   Next: 64%
MP  14/37        EV 22     Int 14      God: Dithmenos [******]
Gold 1845        SH  7     Dex 21      Spells:  8 memorised, 12 levels left

rFire  . . .     SeeInvis +     B - +2 short sword (distort)
rCold  + . .     Clarity  .     C - +0 robe {Archmagi}
rNeg   + . .     rCorr    .     l - +0 buckler
rPois  +         rRot     .     (helmet restricted)
rElec  .         Spirit   .     J - +1 cloak of Shopt {rPois rC+ Slay+2 SInv}
SustAb .         Warding  .     (gloves unavailable)
rMut   .         Stasis   .     (boots unavailable)
Gourm  .                        (no amulet)
MR     ++...                    I - ring of Bribuill {+Blink +Fly rN+ Int-3 Slay+5}
                                v - +3 ring of protection

@: very slightly contaminated, wreathed by umbra, invisible, very quick, very
resistant to hostile enchantments, uncannily stealthy
A: unfitting armour, horns 1, see invisible, herbivore 3, speed 3, slow
metabolism 2
a: Shadow Step, Shadow Form, Renounce Religion, Evoke Blink, Evoke Flight


You were on level 5 of the Snake Pit.
You worshipped Dithmenos.
Dithmenos was exalted by your worship.
You were not hungry.

You visited 4 branches of the dungeon, and saw 29 of its levels.
You also visited: Labyrinth.

You collected 2061 gold pieces.
You spent 216 gold pieces at shops.

Inventory:

Hand weapons
 B - a +2 short sword of distortion (weapon)
Missiles
 z - 37 stones (quivered)
Armour
 g - the -4 cloak of Supple Strength {rPois Slay+1, unknown}
   (You acquired it on level 5 of the Snake Pit)

   It affects your accuracy and damage with ranged weapons and melee attacks
   (+1).
   It protects you from poison.
 l - a +0 buckler (worn)
 C - a +0 robe of the Archmagi (worn)
 J - the +1 cloak of Shopt (worn) {rPois rC+ Slay+2 SInv}
   (You found it on level 4 of the Snake Pit)

   It affects your accuracy and damage with ranged weapons and melee attacks
   (+2).
   It protects you from cold.
   It protects you from poison.
   It enhances your eyesight.
Magical devices
 a - a wand of digging (4)
 e - a wand of hasting (3)
 N - a wand of disintegration (10)
 R - a wand of paralysis (24)
Comestibles
 f - 16 royal jellies
 D - 10 bread rations
Scrolls
 b - 12 scrolls of remove curse
 c - 2 scrolls of magic mapping
 n - 6 scrolls of amnesia
 p - 2 scrolls of fog
 q - 2 scrolls of enchant weapon
 r - 6 scrolls of teleportation
 t - 4 scrolls of enchant armour
 y - a scroll of silence
 E - a scroll of summoning
 F - a scroll of holy word
 K - a scroll of recharging
 L - 19 scrolls of identify
 V - 2 scrolls of blinking
Jewellery
 o - a +5 ring of evasion
 v - a +3 ring of protection (left hand)
 I - the ring of Bribuill (right hand) {+Blink +Fly rN+ Int-3 Slay+5}
   (You found it on level 10 of the Dungeon)

   [ring of flight]

   It affects your intelligence (-3).
   It affects your accuracy and damage with ranged weapons and melee attacks
   (+5).
   It protects you from negative energy.
   It lets you fly.
   It lets you blink.
Potions
 d - a potion of porridge
 i - 4 potions of flight
 k - 2 potions of cure mutation
 m - 3 potions of might
 s - 3 potions of brilliance
 u - a potion of agility
 w - 3 potions of magic
 x - 8 potions of curing
 H - 2 potions of resistance
 O - 4 potions of restore abilities
 P - a potion of cancellation
Books
 G - a Necronomicon {highlevel, unknown}

   This book is beyond your current level of understanding.

   Spells                             Type                      Level
   Haunt                              Necromancy/Summoning         7
   Borgnjor's Revivification          Necromancy                   8
   Death's Door                       Charms/Necromancy            8
   Necromutation                      Transmutation/Necromancy     8
 Q - a book of Clouds

   Spells                             Type                      Level
   Mephitic Cloud                     Conjuration/Poison/Air       3
   Conjure Flame                      Conjuration/Fire             3
   Poisonous Cloud                    Conjuration/Poison/Air       6
   *Freezing Cloud                    Conjuration/Ice/Air          6
   Ring of Flames                     Charms/Fire                  7


   Skills:
 * Level 11.9 Fighting
 + Level 12.9 Short Blades
 - Level 6.3 Dodging
 + Level 16.0 Stealth
 - Level 2.0 Shields
 - Level 11.5 Spellcasting
 - Level 1.7 Conjurations
 - Level 18.0 Hexes
 - Level 8.0 Ice Magic
 - Level 2.2 Air Magic
 - Level 8.7 Evocations


You had 12 spell levels left.
You knew the following spells:

 Your Spells              Type           Power        Failure   Level  Hunger
a - Sure Blade            Hex/Chrm       #####.....   1%          2    None
b - Ensorcelled Hibernat  Hex/Ice        ######       1%          2    None
c - Confuse               Hex            ######..     1%          3    None
d - Dazzling Spray        Conj/Hex       ######..     1%          3    None
e - Invisibility          Hex            ######..     1%          6    ######.
f - Apportation           Tloc           ##........   12%         1    None
g - Passwall              Trmt/Erth      ##........   30%         3    None
h - Freezing Cloud        Conj/Ice/Air   ####......   100%        6    ######.


Dungeon Overview and Level Annotations

Branches:
Dungeon (15/15)            Temple (1/1) D:5             Orc (0/4) D:12
   Lair (8/8) D:10         Shoals (0/5) Lair:4        Snake (5/5) Lair:6
  Slime (0/6) Lair:8       Vaults (0/5) D:14
 Depths: D:15

Altars:
Ashenzari
Cheibriados
Dithmenos
Elyvilon
Fedhas
Gozag
Kikubaaqudgha
Makhleb
Nemelex Xobeh
Okawaru
Qazlal
Sif Muna
Trog
Vehumet
Xom
Yredelemnul
Zin
The Shining One

Shops:
D:13 *

Annotations:
D:15 Fannar; Frances; Ololoev's ghost, powerful CeHu
Snake:5 Vashnia
Abyss:1 Jorgrun; Wiglaf


Innate Abilities, Weirdness & Mutations

You are tiny and cannot use many weapons and most armour.
You have supernaturally acute eyesight.
You are a herbivore.
You cover ground extremely quickly.
You need consume almost no food.
You have a pair of small horns on your head.


Message History

Aim: Vashnia, wielding a runed longbow and wearing a glowing naga barding (shrouded, umbra)
You feel a surge of power!
Vashnia resists with almost no effort.
The naga sharpshooter casts a spell.
Magically, the naga sharpshooter shoots an arrow.
The arrow hits you!!
You emit a cloud of dark smoke.
Vashnia shoots an arrow.
The arrow hits you!!
You emit a cloud of dark smoke.
* * * LOW HITPOINT WARNING * * *
You emit a cloud of dark smoke.
* * * LOW HITPOINT WARNING * * *
You see here an arrow.
Casting: Confuse
Confirm with . or Enter, or press ? or * to list all spells.
Aiming: Confuse
Press: ? - help, Shift-Dir - straight line, f/p - Vashnia
Aim: Vashnia, wielding a runed longbow and wearing a glowing naga barding (shrouded, umbra)
You feel a surge of power!
Vashnia resists with almost no effort.
Your shadow mimicks your spell!
Vashnia resists with almost no effort.
Vashnia shoots an arrow.
The arrow hits you!!
You die...

≈≈≈≈≈...##..##§....[####......###
≈..≈...##..###..)....#..........#
......##...# ##.........)........
.....##....###...................
######...........................
............[.....[....=.........
..)......).....§...)...........?#
...).......)..§§§§.)....(......##
.)...........§§§@§....(.......##
.............§§§§§...)........#
..........[...§§.............##
......#####.................##
.....####...................#
.....##.......[............##
#.......................[.##
#.......................<##
##.........###.NN......###


You could see Vashnia and a naga sharpshooter.

Vanquished Creatures
  Asterion (Snake:4)
  A greater naga (Snake:5)
  Louise (Snake:5)
  The ghost of nht the Bludgeoner, a powerful OgBe of Trog (Lair:8)
  The ghost of nht the Deadly Accurate, a powerful OgHu of Okawaru (Lair:8)
  A minotaur (Lab)
  A vault guard (D:14)
  The ghost of ciphuk the Martial Artist, a powerful DrMo of Qazlal (D:12)
  9 hydras
  12 naga warriors
  6 anacondas
  Erica (Lair:3)
  9 death yaks
  5 centaur warriors
  The ghost of patnam the Carver, a powerful VSBe of Trog (Lair:4)
  7 shock serpents
  8 naga sharpshooters
  4 salamander mystics
  2 sea snakes (Snake:5)
  A wizard (D:12)
  2 unseen horrors (D:14)
  4 naga ritualists
  9 mana vipers
  A griffon (Lair:4)
  10 salamanders
  11 naga magi
  39 black mambas
  10 spiny frogs
  2 gargoyles
  4 guardian serpents
  2 torpor snails
  10 komodo dragons
  An efreet (D:14)
  A kobold demonologist (D:14)
  A queen bee (Lair:1)
  A red devil (D:15)
  Grinder (D:4)
  3 wandering mushrooms (Lair:7)
  A two-headed ogre (D:11)
  2 minotaur skeletons (Lab)
  A spriggan druid (Lair:8)
  4 polar bears
  4 trolls
  3 ravens (D:15)
  15 blink frogs
  A catoblepas skeleton (D:11)
  3 basilisks
  3 wraiths
  3 redbacks (Lair:8)
  6 ugly things (D:14)
  2 water elementals (D:13)
  2 deep elf magi
  12 hippogriffs
  Eustachio (D:10)
  4 wyverns
  A shadow (Lab)
  Grum (D:8)
  44 yaks
  11 spriggans
  A hungry ghost (D:9)
  38 nagas
  27 wolves
  Menkaure (D:4)
  26 water moccasins
  4 yellow wasps
  8 porcupines
  6 orc warriors
  5 phantoms
  6 ice beasts
  4 black bears (Lair:8)
  5 ogres
  5 sky beasts
  4 boring beetles
  15 centaurs
  18 crocodiles
  Sigmund (D:6)
  A brain worm (Lair:6)
  11 big kobolds
  14 giant frogs
  A cyclops zombie (D:14)
  An eye of draining (D:12)
  5 scorpions
  A wyvern skeleton (D:14)
  A yak skeleton (D:9)
  4 electric eels
  A troll skeleton (D:10)
  5 crimson imps
  A goliath beetle (D:7)
  34 killer bees
  A quasit (D:9)
  An elf zombie (D:10)
  8 wights
  10 hounds
  5 jellies
  A centaur zombie (D:7)
  2 orc priests
  8 orc wizards
  10 iguanas
  An elf skeleton (D:13)
  7 sheep (Lair:6)
  13 worker ants
  A crocodile zombie (D:11)
  An ogre skeleton (D:8)
  The ghost of nht the Bolt Thrower, a weakling MiHu (D:3)
  A mummy (D:10)
  44 green rats
  11 adders
  8 gnolls (D:3)
  2 orc zombies
  An orc skeleton (D:8)
  2 giant mites
  A worm (D:2)
  An adder zombie (D:5)
  An adder skeleton (D:9)
  An iguana skeleton (D:10)
  5 giant geckos
  2 oozes
  54 orcs
  2 giant cockroaches
  9 hobgoblins
  5 jackals
  39 kobolds
  9 quokkas
  2 ball pythons (Lair:6)
  14 bats
  A giant cockroach zombie (D:6)
  5 giant newts
  6 giant spores
  7 goblins
  A goblin skeleton (D:4)
  A quokka skeleton (D:5)
  20 rats
  14 ballistomycetes
  2 butterflies (Lair:1)
  3 fungi
907 creatures vanquished.

Vanquished Creatures (others)
  The ghost of Egon the Brawler, a mighty TrMo of Jiyva (Snake:2)
  2 naga warriors
  4 death yaks
  The ghost of nht the Grappler, an experienced TrBe of Trog (D:9)
  A mana viper (Snake:2)
  A manticore (Lair:4)
  An orange crystal statue (Snake:5)
  A blue devil (D:15)
  A hellwing (D:15)
  2 polar bears (Lair:8)
  A wandering mushroom (Lair:7)
  3 redbacks (Lair:8)
  A yak (D:9)
  A naga (Snake:5)
  A wolf (Lair:8)
  A water moccasin (Lair:8)
  An ogre (D:9)
  A crocodile (Lair:8)
  A big kobold (D:8)
  A cyclops zombie (D:12)
  A killer bee (D:12)
  A goliath beetle (D:6)
  A hound (Lair:5)
  2 iguanas
  A worker ant (D:11)
  An adder (Lair:8)
  A green rat (Lair:8)
  3 orcs
  A giant cockroach (D:7)
  A quokka (D:14)
  A rat (D:9)
  2 ballistomycetes (D:8)
  A bush (D:14)
  9 fungi (Lair:8)
  6 plants
59 creatures vanquished.

Grand Total: 966 creatures vanquished

Notes
Turn   | Place    | Note
--------------------------------------------------------------
     0 | D:1      | Ololoev, the Spriggan Enchanter, began the quest for the Orb.
     0 | D:1      | Reached XP level 1. HP: 9/9 MP: 4/4
   602 | D:1      | Reached XP level 2. HP: 13/13 MP: 6/8
   606 | D:1      | Learned a level 2 spell: Ensorcelled Hibernation
  1380 | D:2      | Found a shadowy altar of Dithmenos.
  1389 | D:2      | Became a worshipper of Dithmenos the Shadowed
  1783 | D:2      | Reached XP level 3. HP: 16/16 MP: 6/11
  1788 | D:2      | Learned a level 3 spell: Confuse
  1886 | D:2      | Found a glowing golden altar of the Shining One.
  1978 | D:2      | Noticed a water elemental
  1981 | D:2      | Found a stormy altar of Qazlal.
  1982 | D:2      | Noticed an earth elemental
  1982 | D:2      | Noticed a fire elemental
  1982 | D:2      | Noticed an air elemental
  2078 | D:3      | Noticed nht's ghost (weakling MiHu)
  2117 | D:3      | Killed nht's ghost
  2146 | D:3      | Reached XP level 4. HP: 21/21 MP: 6/15
  2560 | D:3      | Reached skill level 5 in Hexes
  2568 | D:3      | Reached XP level 5. HP: 24/24 MP: 12/18
  2578 | D:3      | Reached skill level 5 in Spellcasting
  3091 | D:4      | Noticed Menkaure
  3138 | D:4      | Reached skill level 5 in Stealth
  3143 | D:4      | Reached XP level 6. HP: 22/28 MP: 9/21
  3248 | D:4      | Killed Menkaure
  3248 | D:4      | Reached skill level 6 in Stealth
  3308 | D:4      | Reached skill level 7 in Stealth
  3828 | D:4      | Got a smoking helmet
  3831 | D:4      | Identified the +0 helmet of Jaqinoq {rC++} (You found it on level 4 of the Dungeon)
  3881 | D:4      | Noticed Grinder
  3900 | D:4      | Killed Grinder
  3900 | D:4      | Reached skill level 9 in Stealth
  3900 | D:4      | Reached XP level 7. HP: 32/32 MP: 17/23
  4190 | D:5      | Entered Level 5 of the Dungeon
  4199 | D:5      | Found a staircase to the Ecumenical Temple.
  4205 | Temple   | Entered the Ecumenical Temple
  4336 | D:5      | Acquired Dithmenos' first power
  4473 | D:5      | Reached XP level 8. HP: 36/36 MP: 17/24
  4864 | D:6      | Noticed Sigmund
  4892 | D:6      | Killed Sigmund
  4892 | D:6      | Reached skill level 5 in Short Blades
  4959 | D:6      | Reached skill level 10 in Stealth
  5161 | D:6      | Learned a level 2 spell: Sure Blade
  5594 | D:6      | Found an ancient bone altar of Kikubaaqudgha.
  5594 | D:6      | Found a deep blue altar of Sif Muna.
  6216 | D:7      | Reached XP level 9. HP: 39/39 MP: 24/27
  6475 | D:7      | Acquired Dithmenos' second power
  6652 | D:7      | Learned a level 3 spell: Dazzling Spray
  7106 | D:8      | Noticed Grum
  7135 | D:8      | Reached skill level 10 in Hexes
  7210 | D:8      | Killed Grum
  7799 | D:8      | Reached skill level 11 in Hexes
  8173 | D:8      | Reached XP level 10. HP: 20/44 MP: 22/29
  8578 | D:9      | Noticed nht's ghost (experienced TrBe)
  8652 | D:9      | Acquired Dithmenos' third power
  8682 | D:9      | Reached skill level 12 in Hexes
  8850 | D:9      | Banished nht's ghost
  9210 | D:9      | Reached skill level 13 in Hexes
  9376 | D:9      | Found a blossoming altar of Fedhas.
  9960 | D:10     | Entered Level 10 of the Dungeon
 10295 | D:10     | Found a staircase to the Lair.
 10541 | D:10     | Noticed Eustachio
 10544 | D:10     | Killed Eustachio
 10578 | D:10     | Reached skill level 1 in Evocations
 10599 | D:10     | Reached skill level 14 in Hexes
 10657 | D:10     | Got a twitching brass ring
 10659 | D:10     | Identified the ring of Bribuill {+Blink +Fly rN+ Int-3 Slay+5} (You found it on level 10 of the Dungeon)
 10814 | D:10     | Reached XP level 11. HP: 32/47 MP: 27/29
 10920 | D:10     | Reached skill level 10 in Short Blades
 11259 | D:10     | Acquired Dithmenos' fourth power
 11552 | D:11     | Reached skill level 5 in Dodging
 12138 | D:12     | Noticed ciphuk's ghost (powerful DrMo)
 12247 | D:12     | Reached skill level 1 in Fighting
 12407 | D:12     | Got a wavering bone ring
 12409 | D:12     | Identified the ring of Ituskior {rPois Stlth+} (You found it on level 12 of the Dungeon)
 12446 | D:12     | Found a staircase to the Orcish Mines.
 12925 | D:12     | Killed ciphuk's ghost
 12964 | D:12     | Noticed a wizard
 13141 | D:12     | Killed a wizard
 13333 | D:13     | Found Xecen's Assorted Antiques.
 13342 | D:13     | Bought a forked bone wand for 108 gold pieces
 13342 | D:13     | Bought a crooked silver wand for 108 gold pieces
 13533 | D:13     | Noticed a centaur warrior
 13544 | D:13     | Killed a centaur warrior
 13810 | D:13     | Reached skill level 10 in Spellcasting
 14430 | D:14     | Found a gate to the Vaults.
 14430 | D:14     | Noticed a vault guard
 14440 | D:14     | Killed a vault guard
 14440 | D:14     | Reached skill level 5 in Fighting
 14440 | D:14     | Reached XP level 12. HP: 58/60 MP: 33/33
 14538 | D:14     | Noticed an unseen horror
 14539 | D:14     | Noticed a centaur warrior
 14547 | D:14     | Killed a centaur warrior
 14554 | D:14     | Killed an unseen horror
 14554 | D:14     | Reached skill level 5 in Evocations
 14682 | D:14     | Noticed a centaur warrior
 14786 | D:14     | Killed a centaur warrior
 15050 | D:14     | Noticed a centaur warrior
 15117 | D:14     | Killed a centaur warrior
 15144 | D:14     | Found a white marble altar of Elyvilon.
 15278 | D:14     | Noticed a centaur warrior
 15287 | D:14     | Killed a centaur warrior
 15298 | D:14     | Learned a level 6 spell: Invisibility
 15373 | D:15     | Entered Level 15 of the Dungeon
 15538 | D:15     | Noticed Frances
 15665 | D:15     | Noticed Fannar
 15667 | D:15     | Noticed Ololoev's ghost (powerful CeHu)
 15818 | D:14     | Gained mutation: You have a pair of small horns on your head. [potion of beneficial mutation]
 16257 | Lair:1   | Entered Level 1 of the Lair of Beasts
 16941 | Lair:1   | Noticed an eight-headed hydra
 16947 | Lair:1   | Killed a nine-headed hydra
 17297 | Lair:1   | Reached skill level 15 in Hexes
 17297 | Lair:1   | Reached XP level 13. HP: 62/68 MP: 22/34
 18243 | Lair:2   | Identified the Reference Book on Igneous Confrontation
 18787 | Lair:3   | Learned a level 1 spell: Apportation
 18796 | Lair:3   | Found a labyrinth entrance.
 18803 | Lab      | Entered a labyrinth
 19056 | Lair:3   | Learned a level 3 spell: Passwall
 19085 | Lair:3   | Noticed Erica
 19093 | Lair:3   | Killed Erica
 19093 | Lair:3   | Reached skill level 16 in Hexes
 20365 | Lair:4   | Found a staircase to the Shoals.
 20622 | Lair:4   | Noticed patnam's ghost (powerful VSBe)
 20632 | Lair:4   | Killed patnam's ghost
 20988 | Lair:4   | Reached skill level 17 in Hexes
 21581 | Lair:5   | Found a glowing silver altar of Zin.
 21684 | Lair:5   | Reached skill level 1 in Ice Magic
 22961 | Lair:6   | Reached XP level 14. HP: 48/76 MP: 26/35
 23122 | Lair:6   | Learned a level 6 spell: Freezing Cloud
 23164 | Lair:6   | Found a staircase to the Snake Pit.
 23771 | Lair:7   | Reached skill level 10 in Fighting
 24169 | Lair:7   | Reached skill level 5 in Ice Magic
 24913 | Lair:7   | Reached skill level 1 in Air Magic
 24953 | Lair:8   | Entered Level 8 of the Lair of Beasts
 24962 | Lair:8   | Reached skill level 1 in Conjurations
 25498 | Lair:8   | Reached skill level 1 in Shields
 25807 | Lair:8   | Found a staircase to the Slime Pits.
 25910 | Lair:8   | Reached skill level 18 in Hexes
 26214 | Lair:8   | Noticed nht's ghost (powerful OgBe)
 26237 | Lair:8   | Killed nht's ghost
 26540 | Lair:8   | Noticed nht's ghost (powerful OgHu)
 27016 | Lair:8   | Reached XP level 15. HP: 45/80 MP: 22/36
 27375 | Lair:8   | Got a jewelled cloak
 27387 | Lair:8   | Identified the +0 cloak "Byogyp" {Int+2} (You found it on level 8 of the Lair of Beasts)
 27512 | Lair:8   | Killed nht's ghost
 27666 | Snake:1  | Entered Level 1 of the Snake Pit
 30010 | Snake:2  | Noticed Egon's ghost (mighty TrMo)
 30848 | Snake:2  | Banished Egon's ghost
 32111 | Snake:4  | Noticed Asterion
 32120 | Snake:4  | Noticed a spectral weapon
 32125 | Snake:4  | Killed Asterion
 32624 | Snake:4  | Got a blackened cloak
 32636 | Snake:4  | Identified the +1 cloak of Shopt {rPois rC+ Slay+2 SInv} (You found it on level 4 of the Snake Pit)
 33109 | Snake:4  | Reached XP level 16. HP: 64/86 MP: 23/37
 33411 | Snake:4  | Found a blossoming altar of Fedhas.
 33432 | Snake:4  | Noticed Jorgrun
 33816 | Snake:4  | Banished Jorgrun
 33941 | Snake:5  | Entered Level 5 of the Snake Pit
 34185 | Snake:5  | Reached skill level 15 in Stealth
 35156 | Snake:5  | Noticed Louise
 35157 | Snake:5  | Noticed Wiglaf
 36454 | Snake:5  | Killed Louise
 36635 | Snake:5  | Identified a scroll of acquirement
 36636 | Snake:5  | Got a bloodstained cloak
 37128 | Snake:5  | Banished Wiglaf
 37315 | Snake:5  | Noticed Vashnia
 37561 | Snake:5  | Shot with an arrow by Vashnia

Action                   |  1- 3 |  4- 6 |  7- 9 | 10-12 | 13-15 | 16-18 || total
-------------------------+-------+-------+-------+-------+-------+-------++-------
Melee: Dagger            |   138 |   112 |   105 |       |       |       ||   355
       Short sword       |       |       |   182 |   519 |   775 |   134 ||  1610
Throw: Stone             |       |       |     6 |    10 |     6 |     2 ||    24
 Cast: Corona            |     6 |       |       |       |       |       ||     6
       Ensorcelled Hiber |    31 |    44 |    68 |   145 |   294 |    82 ||   664
       Confuse           |     1 |     2 |    13 |    73 |   105 |    90 ||   284
       Sure Blade        |       |       |     8 |    16 |     1 |     2 ||    27
       Dazzling Spray    |       |       |     2 |     5 |     6 |       ||    13
       Invisibility      |       |       |       |     2 |    23 |    12 ||    37
Evoke: Wand              |       |       |     2 |    10 |     7 |     9 ||    28
  Use: Scroll            |       |     8 |     9 |    16 |    12 |     6 ||    51
       Potion            |       |       |       |     8 |     8 |     5 ||    21
 Stab: Sleeping          |    19 |    32 |    65 |   125 |   242 |    51 ||   534
       Confused          |     1 |     4 |     5 |    30 |    31 |    16 ||    87
       Distracted        |       |       |     1 |     6 |     6 |     1 ||    14
       Invisible         |       |       |     1 |     4 |    23 |     3 ||    31
       Paralysed         |       |       |       |     1 |       |       ||     1
  Eat: Bread ration      |     1 |       |     1 |       |     2 |     2 ||     6
       Fruit             |       |       |       |    10 |    15 |       ||    25
       Royal jelly       |       |       |       |     1 |       |       ||     1
       Pizza             |       |       |       |       |     4 |       ||     4
